 Dungeon Crawl Stone Soup version 0.25.1-1-g288607f5aa (webtiles) character file.

Game seed: 15860994415447654333

280 Delamore the Cudgeler (level 6, -4/37 HPs)
             Began as a Gargoyle Fighter on July 21, 2020.
             Slain by an iguana (6 damage)
             ... on level 4 of the Dungeon.
             The game lasted 00:02:42 (3203 turns).

Delamore the Cudgeler (Gargoyle Fighter)            Turns: 3203, Time: 00:02:42

Health: -4/37      AC: 13    Str: 22    XL:     6   Next: 27%
Magic:  6/6        EV:  5    Int:  8    God:
Gold:   107        SH:  9    Dex: 13    Spells: 5/5 levels left

rFire    . . .     SeeInvis .   A - +0 spear of Saleqosu {vorpal, rElec rC+ Dex+4}
rCold    + . .     Gourm    .   c - +0 kite shield
rNeg     + . .     Faith    .   o - +0 chain mail
rPois    ∞         Spirit   .   (no helmet)
rElec    +         Reflect  .   (no cloak)
rCorr    .         Harm     .   (no gloves)
MR       .....                  (no boots)
Stlth    ..........             g - amulet of the acrobat
HPRegen  0.12/turn              (no ring)
MPRegen  0.10/turn              (no ring)

@: no status effects
A: negative energy resistance 1, electricity resistance, unbreathing,
petrification resistance, rot immunity, AC +4
a: no special abilities


You were on level 4 of the Dungeon.
You were not hungry.

You visited 1 branch of the dungeon, and saw 4 of its levels.

You collected 107 gold pieces.

Inventory:

Hand Weapons
 a - a +0 flail
 A - the +0 spear of Saleqosu (weapon) {vorpal, rElec rC+ Dex+4}
   (You found it on level 4 of the Dungeon)

   It inflicts extra damage upon your enemies.
   It affects your dexterity (+4).
   It protects you from cold.
   It insulates you from electricity.
Missiles
 i - 3 atropa-tipped darts (quivered)
 x - 2 curare-tipped darts
Armour
 b - a +0 scale mail
 c - a +0 kite shield (worn)
 o - a +0 chain mail (worn)
Jewellery
 g - an amulet of the acrobat (around neck)
 h - an uncursed amulet of magic regeneration
 m - an uncursed ring of stealth {unknown}
 q - an uncursed ring of poison resistance {unknown}
 s - a +6 ring of dexterity {unknown}
Scrolls
 j - 2 scrolls of amnesia {unknown}
 k - 3 scrolls of remove curse {unknown}
 l - a scroll of random uselessness {unknown}
 n - 3 scrolls of identify {unknown}
 r - a scroll of teleportation {unknown}
 y - a scroll of immolation {unknown}
Potions
 d - a potion of might
 e - 3 potions of curing {unknown}
 p - 3 potions of degeneration {unknown}
 t - 3 potions of stabbing {unknown}
 u - 2 potions of cancellation {unknown}
 w - a potion of brilliance {unknown}
 z - a potion of heal wounds {unknown}
Comestibles
 f - 6 rations
 v - a chunk of flesh


   Skills:
 - Level 3.2 Fighting
 + Level 6.4 Maces & Flails
 - Level 3.2 Armour
 - Level 3.2 Shields


You had 5 spell levels left.
You didn't know any spells.
Your spell library contained the following spells:

 Spells                   Type           Power        Failure   Level  Hunger
 Animate Skeleton         Necr           N/A          100%        1    ##.....
 Apportation              Tloc           #.....       100%        1    ##.....
 Corona                   Hex            #......      100%        1    ##.....
 Summon Small Mammal      Summ           #...         100%        1    ##.....


Dungeon Overview and Level Annotations

Branches:
Dungeon (4/15)
 Temple: D:4-7

Altars:
Dithmenos


Innate Abilities, Weirdness & Mutations

You are resistant to torment.
Your stone body is resilient. (AC +4)
You are immune to poison.
You resist negative energy. (rN+)
You are resistant to electric shocks. (rElec)
You can survive without breathing.
You are immune to petrification.
You are immune to rotting.


Message History

You hit the iguana but do no damage.
The iguana bites you but does no damage.
You barely miss the iguana. The iguana bites you.
You block the iguana's attack.
You barely miss the iguana. You block the iguana's attack.
You hit the iguana.
The iguana is lightly wounded.
The iguana bites you but does no damage.
You hit the iguana.
The iguana is moderately wounded.
The iguana bites you.
* * * LOW HITPOINT WARNING * * *
Your shield and chain mail prevent you from hitting the iguana.
The iguana is moderately wounded.
The iguana bites you.
* * * LOW HITPOINT WARNING * * *
You hit the iguana.
The iguana is severely wounded.
The iguana bites you.
You die...

..............# .##..#
.#.# #.......## ..#.##
##.# #........###.....#
...###.#......##...#...
...##..###.....#.....##
#.........÷...........##
##......##........#.....
###......##.....l.......
#..............@.......
##.....................
#......................
#........##...........[
#........##............
##..[............##....
##........$......#..##
##.................#
...............


You could see an iguana.

Vanquished Creatures
  A howler monkey (D:4)
  A hound (D:4)
  An orc priest (D:3)
  An orc wizard (D:3)
  A worker ant (D:4)
  3 adders
  2 oozes
  3 worms (D:2)
  2 dart slugs
  2 leopard geckos
  8 orcs
  3 bats
  5 giant cockroaches
  7 goblins
  7 hobgoblins
  7 jackals (D:1)
  6 kobolds
  5 quokkas
  A ball python (D:2)
  3 frilled lizards (D:2)
  8 rats
77 creatures vanquished.

Notes
Turn   | Place    | Note
-------+----------+-------------------------------------------
     0 | D:1      | Delamore the Gargoyle Fighter began the quest for the Orb.
     0 | D:1      | Reached XP level 1. HP: 14/14 MP: 1/1
   274 | D:1      | Reached XP level 2. HP: 19/19 MP: 2/2
   522 | D:1      | Reached skill level 3 in Maces & Flails
   635 | D:1      | Reached XP level 3. HP: 12/23 MP: 3/3
  1323 | D:2      | Reached skill level 4 in Maces & Flails
  1691 | D:2      | Found a shadowy altar of Dithmenos.
  1840 | D:2      | Reached XP level 4. HP: 28/28 MP: 4/4
  2293 | D:3      | Reached skill level 5 in Maces & Flails
  2295 | D:3      | Reached XP level 5. HP: 26/32 MP: 5/5
  3096 | D:4      | Got a smoking spear
  3106 | D:4      | Reached skill level 6 in Maces & Flails
  3106 | D:4      | Reached XP level 6. HP: 35/37 MP: 6/6
  3107 | D:4      | Identified the +0 spear of Saleqosu {vorpal, rElec rC+
                  | Dex+4} (You found it on level 4 of the Dungeon)
  3203 | D:4      | Slain by an iguana

Illustrated notes

Levels and vault maps discovered:
D:1:      dpeg_arrival_rhombi, layout_basic
D:2:      layout_loops_ring, nicolae_dithmenos_through_a_glass_darkly,
          first_ration, minmay_ruptured
D:3:      layout_rooms
D:4:      layout_cave_pools, uniq_pikel

Skill      XL: |  1  2  3  4  5 |
---------------+----------------+-----
Maces & Flails | 3 4 5 6 |  6.4
Fighting       | |  3.2
Armour         | |  3.2
Shields        | |  3.2

Action                   |  1- 3 |  4- 6 || total
-------------------------+-------+-------++-------
Melee: Flail             |   162 |   156 ||   318
       Spear             |       |    42 ||    42
  Eat: Chunk             |     2 |     6 ||     8
Armor: Scale mail        |    89 |       ||    89
       Chain mail        |    41 |   127 ||   168
Dodge: Dodged            |    54 |    53 ||   107
Block: Kite shield       |   113 |   132 ||   245
